 Dungeon Crawl Stone Soup version 0.21-a0-625-g1119ec1 (webtiles) character file.

923149 shenanigans the Sorcerer (level 27, 2/219 HPs)
             Began as a Barachi Skald on Dec 23, 2017.
             Was the Champion of Makhleb.
             Quit the game on level 22 of a ziggurat on Dec 24, 2017.
             The game lasted 08:29:06 (73741 turns).

shenanigans the Sorcerer (Barachi Skald)           Turns: 73741, Time: 08:29:07

Health: 2/219      AC: 14    Str: 13    XL:     27
Magic:  2/53       EV: 21    Int: 17    God:    Makhleb [******]
Gold:   5725       SH: 32    Dex: 24    Spells: 38/78 levels left

rFire    + + .     SeeInvis .   d - +9 broad axe (flame)
rCold    + + .     Gourm    .   P - +10 large shield of Ignorance {rN+ Int-4}
rNeg     + + .     Faith    .   p - +10 pearl dragon scales
rPois    +         Spirit   .   U - +0 helmet of Taloz Hukamm {rPois Regen+ Dex+4}
rElec    +         Reflect  .   K - scarf {repulsion}
rCorr    .         Harm     .   T - +0 pair of gloves of Dilurph {rElec rC+ Dex+3}
MR       ++...                  F - +1 pair of boots {run}
Stlth    ++++++....             g - amulet of regeneration
HPRegen  1.26/turn              B - ring of Intercession {rF+ rC+ Slay+3}
MPRegen  0.33/turn              H - ring "Isyfricu" {Wiz Dex+2}

@: mildly poisoned (2 -> 2), corroded, can't hop, slightly contaminated, slowed,
invisible, repel missiles, very slow
A: +LOS, swims, talons 1, thin metallic scales 1, camouflage 1, fire resistance
1, sense surroundings 1, slowness 1, weak 1, sturdy frame 1, strong legs 2
}: 4/15 runes: decaying, serpentine, slimy, abyssal
a: Hop, Minor Destruction, Lesser Servant of Makhleb, Major Destruction, Greater
Servant of Makhleb, Renounce Religion


You were on level 22 of a ziggurat.
You worshipped Makhleb.
Makhleb was exalted by your worship.
You were not hungry.

You visited 10 branches of the dungeon, and saw 50 of its levels.
You visited the Abyss 2 times.
You visited 1 bazaar.
You visited 2 ziggurats (completing 1), and saw 49 of their levels.
You also visited: Labyrinth, Sewer and Ossuary.

You collected 8516 gold pieces.
You spent 2791 gold pieces at shops.

Inventory:

Hand Weapons
 a - the +8 mithril axe "Arga" {speed, MR+}
   (You found it on level 10 of a ziggurat)

   Attacks with this weapon are significantly faster.
   It affects your resistance to hostile enchantments.
 b - a +9 antimagic broad axe
 c - a +9 sacred scourge of holy wrath
 d - a +9 broad axe of flaming (weapon)
Armour
 o - the +2 shield of Resistance {rF+ rC+ MR+}
   (You found it on level 5 of the Pits of Slime)

   It protects you from fire.
   It protects you from cold.
   It affects your resistance to hostile enchantments.
 p - +10 pearl dragon scales (worn)
 F - a +1 pair of boots of running (worn)
 J - the +0 pair of gloves of Dyspraxia {Slay+5 Stlth+}
   (Okawaru gifted it to you on level 13 of the Dungeon)

   It affects your accuracy and damage with ranged weapons and melee attacks
   (+5).
   It makes you more stealthy.
 K - a scarf of repulsion (worn)
 M - a +2 cloak of poison resistance
 P - the +10 large shield of Ignorance (worn) {rN+ Int-4}
   (You acquired it on level 3 of the Depths)

   It affects your intelligence (-4).
   It protects you from negative energy.
 S - the +8 chain mail of Zyt Zynn {rC+ Str+6 Int+3}
   (You found it on level 4 of the Swamp)

   It affects your strength (+6).
   It affects your intelligence (+3).
   It protects you from cold.
 T - the +0 pair of gloves of Dilurph (worn) {rElec rC+ Dex+3}
   (You found it on level 1 of the Vaults)

   It affects your dexterity (+3).
   It protects you from cold.
   It insulates you from electricity.
 U - the +0 helmet of Taloz Hukamm (worn) {rPois Regen+ Dex+4}
   (You found it on level 1 of the Lair of Beasts)

   It affects your dexterity (+4).
   It protects you from poison.
   It increases your rate of regeneration.
Jewellery
 g - an amulet of regeneration (around neck)
 j - the ring of Venit {rElec rF+ Int+3}
   (You found it on level 5 of the Pits of Slime)

   [ring of protection from fire]

   It affects your intelligence (+3).
   It protects you from fire.
   It insulates you from electricity.
 t - the ring "Qikk" {rPois rF+ Dex+4 SInv}
   (You found it on level 25 of a ziggurat)

   [ring of see invisible]

   It affects your dexterity (+4).
   It protects you from fire.
   It protects you from poison.
   It lets you see invisible.
 u - the ring of Soosauke {rCorr Slay+2}
   (You found it on level 13 of a ziggurat)

   [ring of resist corrosion]

   It affects your accuracy and damage with ranged weapons and melee attacks
   (+2).
 x - the ring of Terra Nullius {Fire Dex+6 Stlth+}
   (You found it on level 13 of a ziggurat)

   [ring of fire]

   It enhances your fire magic.
   It affects your dexterity (+6).
   It protects you from fire.
   It makes you vulnerable to cold.
   It makes you more stealthy.
 A - the ring "Ziycal" {rN+ SInv Stlth+}
   (You found it on level 20 of a ziggurat)

   [ring of stealth]

   It protects you from negative energy.
   It lets you see invisible.
   It makes you more stealthy.
 B - the ring of Intercession (left hand) {rF+ rC+ Slay+3}
   (You found it on level 4 of the Dungeon)

   [ring of protection from fire]

   It affects your accuracy and damage with ranged weapons and melee attacks
   (+3).
   It protects you from fire.
   It protects you from cold.
 H - the ring "Isyfricu" (right hand) {Wiz Dex+2}
   (You found it on level 2 of the Vaults)

   [ring of wizardry]

   It improves your spell success rate.
   It affects your dexterity (+2).
 Q - the ring "Etacuape" {rElec rC+ Dex+2 Stlth-}
   (You found it on level 15 of a ziggurat)

   [ring of loudness]

   It affects your dexterity (+2).
   It protects you from cold.
   It insulates you from electricity.
   It makes you less stealthy.
Wands
 D - a wand of paralysis (32)
 E - a wand of disintegration (82)
 N - a wand of clouds (1)
 W - a wand of acid (19)
Scrolls
 e - 48 scrolls of remove curse
 h - a scroll of brand weapon
 i - 5 scrolls of identify
 k - 19 scrolls of teleportation
 l - 7 scrolls of enchant weapon
 n - 4 scrolls of silence
 r - 23 scrolls of amnesia
 v - 5 scrolls of enchant armour
 y - 18 scrolls of fog
 Z - 2 scrolls of holy word
Potions
 w - 6 potions of haste
 C - 2 potions of invisibility
 G - 6 potions of cancellation
 I - 35 potions of mutation
 L - 3 potions of brilliance
 R - 5 potions of resistance
 V - a potion of curing
 X - 6 potions of flight
 Y - a potion of agility
Comestibles
 f - 52 rations


   Skills:
 - Level 18.6 Fighting
 - Level 17.1 Axes
 - Level 21.4 Armour
 - Level 15.4 Dodging
 - Level 14.1 Stealth
 * Level 20.9 Shields
 - Level 26.3 Spellcasting
 * Level 17.0 Conjurations
 - Level 3.2 Charms
 - Level 26.0 Fire Magic
 * Level 18.2 Ice Magic
 - Level 25.1 Earth Magic
 - Level 9.3 Invocations


You had 38 spell levels left.
You knew the following spells:

 Your Spells              Type           Power        Failure   Level  Hunger
a - Infusion              Chrm           ####         1%          1    None
b - Song of Slaying       Chrm           ####....     1%          2    None
c - Ignition              Fire           #######...   1%          8    ######.
d - Shatter               Erth           #######...   12%         9    #######
e - Glaciate              Conj/Ice       ######....   69%         9    #######
f - Fire Storm            Conj/Fire      #######...   30%         9    #######
g - Blink                 Tloc           N/A          3%          2    None


Dungeon Overview and Level Annotations

Branches:
Dungeon (15/15)            Temple (1/1) D:7            Lair (6/6) D:11
  Swamp (4/4) Lair:2        Snake (4/4) Lair:3        Slime (5/5) Lair:5
    Orc (2/2) D:12            Elf (3/3) Orc:2        Vaults (5/5) D:14
  Crypt (0/3) Vaults:2     Depths (5/5) D:15            Zot (0/5) Depths:5

Altars:
Ashenzari
Cheibriados
Dithmenos
Elyvilon
Fedhas
Gozag
Hepliaklqana
Kikubaaqudgha
Makhleb
Nemelex Xobeh
Okawaru
Qazlal
Ru
Sif Muna
Trog
Uskayaw
Vehumet
Wu Jian
Xom
Yredelemnul
Zin
The Shining One
Beogh
Jiyva

Shops:
D:8 }*(*   D:9 (   Orc:2 (?[?   Snake:1 }   Snake:2 (   Vaults:1 (
Depths:1 **[[

Portals:
Hell: Depths:1 Depths:2 Depths:3 Depths:4 Depths:5
Abyss: Depths:4
Pandemonium: Depths:3 Depths:4 Depths:5
Trove: Depths:1 (give 18 potions of curing)

Annotations:
D:7 Buffagor's ghost, novice BaFi
D:8 jejorda2's ghost, novice CeGl
D:11 exclusion: oklob plant
Lair:3 exclusion: oklob plant
Lair:4 exclusion: oklob plant
Swamp:3 Lernaean hydra
Elf:2 2 runed doors


Innate Abilities, Weirdness & Mutations

Shadows flee at your approach. (+LOS)
You can swim through water.
You cover ground slowly.
You can hop long distances.
You have sharp toenails.
You are partially covered in thin metallic scales. (AC +2)
Your skin changes colour to match your surroundings (Stealth+).
Your flesh is heat resistant. (rF+)
You passively map a small area around you.
You are weak. (Str -2)
Your movements are slightly less encumbered by armour. (ER -2)


Message History

* * * LOW HITPOINT WARNING * * *
The entropy weaver hits you.
* * * LOW HITPOINT WARNING * * *
The entropy weaver hits you but does no damage.
The demonic crawler hits you.
* * * LOW HITPOINT WARNING * * *
The demonic crawler hits you but does no damage.
The demonic crawler barely misses you. The jumping spider closely misses you.
The jumping spider barely misses you.
The demonic crawler gives a hideous shriek!
You are lightly contaminated with residual magic.
A demonic crawler comes into view.
Unknown command.
Unknown command.
Unknown command.
Unknown command.
Unknown command.
Okay, then.
Okay, then.
Are you sure you want to abandon this character and quit the game? (Confirm with "yes".)

,
...s......s...........▓
, ,
.s......ss.wa.........▓
.a.s.s...y.s{.........▓
,
s..a.....s{s.a§......∩▓
,
.......y.s.saa........▓
, ,
s....s..s..aa.....s...▓
,
..s...................▓
,
....y...sa............▓
,
.......s@s............▓
,
s.....................▓
.....s.....▓▓▓▓▓▓▓▓▓▓▓▓
* ,...........▓
,...........▓ ,
...........▓ ,
...........▓
...........▓ *
▓▓▓▓▓▓▓▓▓▓▓▓


You could see 4 emperor scorpions, 9 entropy weavers, a torpor snail
(wandering), 3 demonic crawlers, 3 wolf spiders, 2 moths of wrath, 2 orb
spiders, a hornet (wandering), 7 jumping spiders and 3 redbacks.

Vanquished Creatures
  the Royal Jelly (Slime:5)
  5 ancient liches
  Mara (Swamp:2)
  16 juggernauts
  Sojobo (Depths:3)
  4 shard shrikes (Zig:25)
  Saint Roka (D:14)
  Bai Suzhen (Depths:2)
  5 Killer Klowns
  Nikola (Snake:2)
  5 bone dragons
  the Enchantress (Depths:4)
  8 golden dragons
  6 profane servitors
  9 pearl dragons (Zig:13)
  A Brimstone Fiend (Zig:7)
  Jorgrun (Depths:2)
  16 tentacled monstrosities
  14 Tzitzimimeh
  9 Ice Fiends
  A Hell Sentinel (Zig:6)
  9 liches
  Rupert (D:13)
  12 deep elf blademasters
  Asterion (Vaults:1)
  A quicksilver dragon (shapeshifter) (Zig:11)
  11 titans
  An eldritch tentacle (Zig:11)
  10 deep elf master archers
  3 Executioners
  A quicksilver dragon (Zig:10)
  49 acid blobs
  2 storm dragons (shapeshifter) (Depths:2)
  6 tentacled starspawn
  6 pandemonium lords
  2 sphinxes
  7 thorn hunters
  Gastronok (Lair:2)
  8 ancient champions
  13 draconian monks
  A shadow dragon (shapeshifter) (Depths:2)
  4 tengu reavers
  22 azure jellies
  7 shadow dragons
  13 revenants
  5 storm dragons
  An azure jelly (shapeshifter) (Zig:11)
  42 nagarajas
  A ghost moth (shapeshifter) (Depths:2)
  9 daevas (Zig:13)
  29 frost giants
  24 ghost moths
  11 draconian knights
  18 orc warlords
  5 iron dragons
  A frost giant (shapeshifter) (Zig:20)
  6 cacodemons
  2 draconian scorchers (Zig:21)
  20 fire giants
  A spectral caustic shrike (Zig:23)
  9 deep elf sorcerers
  13 vault wardens
  Aizul (Snake:2)
  4 balrugs
  6 emperor scorpions
  4 warmongers
  7 deep elf elementalists
  16 ironheart preservers
  2 draconian annihilators
  8 draconian shifters (Zig:21)
  13 angels
  6 draconian stormcallers
  2 ghouls
  3 curse skulls
  3 war gargoyles (Depths:2)
  3 spriggan defenders (Depths:4)
  9 reapers
  12 ophanim
  5 blood saints
  A stone giant (shapeshifter) (Zig:20)
  8 entropy weavers
  8 green draconians
  3 corrupters
  Nessos (D:14)
  13 very ugly things
  37 stone giants
  6 black draconians
  10 vampire knights
  3 apis (Zig:13)
  12 deep elf demonologists
  6 black suns
  7 lorocyprocas
  Azrael (Snake:2)
  3 dire elephants (Lair:6)
  59 starcursed masses
  4 purple draconians
  5 yellow draconians
  2 bennus (Zig:6)
  13 spark wasps
  8 red draconians
  4 white draconians
  8 small abominations
  2 crystal guardians
  11 ettins
  10 blizzard demons
  A minotaur (Lab)
  Snorg (Lair:4)
  23 deep elf annihilators
  5 eidola
  A merfolk impaler (Abyss:5)
  2 pearl dragon zombies (Depths:4)
  A mummy priest (Zig:6)
  15 deep elf death magi
  17 yaktaur captains
  20 great orbs of eyes
  2 merfolk javelineers (Zig:21)
  12 death oozes
  22 green deaths
  3 jiangshi (Depths:3)
  10 rakshasas
  A minotaur (shapeshifter) (Depths:2)
  13 deep elf high priests
  11 fire dragons
  15 ice dragons
  Fannar (Lair:2)
  A juggernaut simulacrum (Depths:2)
  4 catoblepae
  An ice dragon (shapeshifter) (Depths:2)
  A spectral tengu (Zig:23)
  39 naga warriors
  39 vault guards
  A peacekeeper (Elf:1)
  32 hydras
  A monstrous demonspawn (Depths:4)
  4 hell beasts (Zig:26)
  7 spriggan air magi
  7 death knights
  A merfolk aquamancer (Zig:21)
  12 anacondas
  2 ghost crabs
  Erica (D:11)
  An anaconda (shapeshifter) (Vaults:2)
  18 alligators
  58 two-headed ogres
  An alligator snapping turtle (shapeshifter) (Zig:11)
  A death yak (shapeshifter) (Depths:2)
  A death scarab (Zig:6)
  15 ogre magi
  7 centaur warriors
  5 tengu warriors
  22 orc high priests
  6 hell hogs
  9 deep troll earth magi
  27 naga sharpshooters
  6 deep troll shamans
  50 dancing weapons
  5 spriggan berserkers
  7 vampire magi
  5 thrashing horrors
  A spectral storm dragon (Zig:23)
  16 shock serpents
  A sun demon (Zig:15)
  12 wretched stars
  35 deep elf knights
  13 shadow wraiths
  10 soul eaters
  Nergalle (Lair:2)
  A titan skeleton (Zig:15)
  2 sixfirhies (Zig:26)
  2 skeletal warriors (Vaults:4)
  6 cherubim (Zig:13)
  13 iron trolls
  A spark wasp zombie (Zig:15)
  2 hell knights
  6 salamander mystics
  10 flayed ghosts
  A sea snake (Zig:21)
  5 unseen horrors
  4 spriggan druids
  A golden dragon zombie (Zig:15)
  2 torturous demonspawn
  13 deep trolls
  2 spatial maelstroms (Zig:15)
  2 shadow demons
  An obsidian statue (Zig:1)
  11 death drakes
  A glowing orange brain (shapeshifter) (Zig:20)
  A deep troll (shapeshifter) (Zig:11)
  21 swamp dragons
  Pikel (D:6)
  3 glowing orange brains
  35 deep elf archers
  29 orc knights
  10 naga ritualists
  3 shambling mangroves
  17 ironbrand convokers
  3 necromancers (Elf:1)
  8 wizards
  4 lindwurms (Depths:5)
  A spectral iron dragon (Zig:23)
  2 sphinx zombies
  126 deep elf magi
  14 mana vipers
  A mana viper (shapeshifter) (D:15)
  5 phantasmal warriors
  15 orb spiders
  8 oklob plants
  A manticore (D:11)
  25 salamanders
  A wolf spider (shapeshifter) (Zig:20)
  13 cyclopes
  2 manticores (shapeshifter) (Zig:20)
  14 orc sorcerers
  21 wolf spiders
  13 shining eyes
  A fire giant zombie (Zig:6)
  49 ugly things
  14 moths of wrath
  A moth of wrath (shapeshifter) (Zig:11)
  2 tengu skeletons
  An iron dragon skeleton (Zig:15)
  A stone giant zombie (Zig:6)
  4 apis skeletons (Depths:4)
  2 spriggan zombies (Zig:15)
  13 vault sentinels
  9 elephants
  38 naga magi
  A water nymph (shapeshifter) (Zig:20)
  A titan simulacrum (Zig:25)
  38 black mambas
  2 rust devils
  13 smoke demons
  15 guardian serpents
  A guardian serpent (shapeshifter) (Zig:14)
  An ice statue (Lair:2)
  8 apocalypse crabs
  5 torpor snails
  3 gargoyles
  7 eyes of devastation
  Joseph (D:7)
  6 orange demons
  27 spiny frogs
  2 rime drakes (shapeshifter)
  14 hellions
  12 rime drakes
  10 freezing wraiths
  4 guardian mummies (Zig:6)
  5 hellwings
  An anaconda simulacrum (Depths:2)
  6 komodo dragons
  2 efreet
  24 yaktaurs
  7 ice devils
  A tormentor (Zig:26)
  2 merfolk (shapeshifter) (Zig:20)
  A queen bee (Lair:3)
  3 tengu conjurers
  2 trolls (shapeshifter)
  9 ancient zymes
  12 demonic crawlers
  An elf skeleton (Zig:15)
  11 trolls
  A komodo dragon (shapeshifter) (D:14)
  7 red devils
  14 jumping spiders
  3 meliai (D:13)
  3 wind drakes
  21 hornets
  A hornet (shapeshifter) (Vaults:1)
  11 raiju
  19 blink frogs
  An iron dragon simulacrum (Zig:25)
  2 shadow dragon simulacra (Zig:25)
  2 saltlings (Elf:1)
  A queen bee (shapeshifter) (D:14)
  16 tyrant leeches
  A snapping turtle (Zig:21)
  131 slime creatures
  4 dream sheep (Lair:6)
  32 large abominations
  2 human simulacra
  A meliai zombie (D:14)
  A dream sheep (shapeshifter) (D:13)
  20 bog bodies
  A hippogriff (shapeshifter) (Zig:14)
  A snapping turtle (shapeshifter) (Zig:11)
  A frost giant simulacrum (Vaults:1)
  9 hippogriffs
  2 elf simulacra (Zig:25)
  12 air elementals
  3 flying skulls
  11 water elementals
  14 tarantellas
  23 redbacks
  A spriggan (shapeshifter) (Abyss:5)
  8 shadows
  A tarantella (shapeshifter) (Zig:20)
  13 spriggans
  2 wyverns
  9 wraiths
  Eustachio (D:4)
  A vampire (D:9)
  11 fire elementals
  16 humans
  A redback (shapeshifter) (Zig:3)
  46 yaks
  A deep troll skeleton (Zig:2)
  A yak (shapeshifter) (Vaults:1)
  6 ynoxinuls
  6 basilisks
  6 neqoxecs
  7 golden eyes
  2 basilisks (shapeshifter)
  5 hungry ghosts
  6 fire bats
  6 steam dragons
  12 chaos spawn
  24 vampire mosquitoes
  Menkaure (Ossuary)
  7 insubstantial wisps
  88 nagas
  18 wargs
  An acid dragon (shapeshifter) (Vaults:4)
  A swamp worm (shapeshifter) (Zig:20)
  2 human zombies
  2 soldier ants
  20 swamp worms
  5 acid dragons
  A soldier ant (shapeshifter) (Elf:1)
  8 water moccasins
  4 floating eyes
  A floating eye (shapeshifter) (Zig:11)
  18 hell hounds
  26 swamp drakes
  14 porcupines
  6 sky beasts
  2 slaves (D:6)
  107 orc warriors
  2 phantoms
  A black bear (shapeshifter) (Zig:3)
  28 ice beasts
  5 boggarts (Vaults:1)
  A tengu (shapeshifter) (Vaults:1)
  7 eyes of draining
  42 ogres
  11 wolves
  17 centaurs
  12 crocodiles
  3 big kobolds
  15 bullfrogs
  3 elf zombies
  3 glowing shapeshifter simulacra
  A wyvern zombie (D:8)
  4 earth elementals
  A scorpion (D:13)
  27 killer bees
  6 electric eels (D:8)
  3 wights (D:14)
  3 howler monkeys
  3 spriggan skeletons
  5 crimson imps
  A troll skeleton (Lab)
  A bullfrog zombie (D:12)
  A quasit (D:10)
  6 jellies
  5 centaur zombies
  6 hounds
  30 orc wizards
  3 bullfrog skeletons
  8 centaur skeletons
  27 orc priests
  15 worker ants
  A lightning spire (Zig:11)
  A hound zombie (D:6)
  10 mummies
  2 hound skeletons
  A worker ant zombie (D:5)
  A howler monkey zombie (D:9)
  16 gnolls
  16 adders
  3 river rats (D:5)
  5 shadow imps
  3 white imps (Lair:2)
  12 oozes
  An adder skeleton (D:10)
  5 worms
  A ball lightning (Swamp:4)
  5 dart slugs
  9 leopard geckos
  146 orcs
  7 bats
  22 giant cockroaches
  3 gnoll zombies (Ossuary)
  6 hobgoblins
  11 jackals
  16 kobolds
  4 quokkas
  13 ball pythons
  15 frilled lizards
  6 gnoll skeletons (Ossuary)
  14 goblins
  2 goblin zombies (Ossuary)
  A hobgoblin zombie (Ossuary)
  A kobold skeleton (Ossuary)
  3 kobold zombies (Ossuary)
  3 orc skeletons (Ossuary)
  An orc zombie (Ossuary)
  A quokka skeleton (D:8)
  6 rats
  2 rat skeletons (Ossuary)
  A rat zombie (Ossuary)
  7 briar patches
  5 crawling corpses
  A fire vortex (D:11)
  A lurking horror (Abyss:5)
  7 plants
  8 starspawn tentacles
3988 creatures vanquished.

Vanquished Creatures (collateral kills)
  A lich (Vaults:2)
  An emperor scorpion (Zig:24)
2 creatures vanquished.

Vanquished Creatures (others)
  A juggernaut (Zig:27)
  A tentacled monstrosity (Zig:21)
  A sphinx (Depths:4)
  A fire giant (Zig:10)
  A frost giant (Depths:2)
  2 ghost moths (Zig:21)
  An emperor scorpion (Zig:12)
  A draconian shifter (Zig:21)
  A vampire knight (Depths:3)
  A red draconian (Zig:21)
  A spark wasp (Depths:3)
  A blizzard demon (Zig:25)
  An anaconda (Snake:3)
  A dancing weapon (Elf:3)
  A shock serpent (Zig:21)
  A soul eater (Zig:23)
  2 iron trolls (Zig:27)
  3 deep elf knights
  An unseen horror (shapeshifter) (Depths:3)
  A shambling mangrove (Zig:4)
  A lindwurm (Depths:5)
  A necromancer (Vaults:3)
  3 deep elf magi
  An ugly thing (D:14)
  A black mamba (Snake:3)
  A vault sentinel (Vaults:4)
  A demonic crawler (Zig:21)
  A tengu conjurer (Depths:4)
  3 hornets (Zig:4)
  A snapping turtle (Zig:21)
  An air elemental (Elf:3)
  A naga (Snake:2)
  A small abomination (Abyss:5)
  A slave (D:7)
  A white imp (Lair:2)
  2 orcs
  A gnoll skeleton (Ossuary)
  3 gnoll zombies (Ossuary)
  A goblin skeleton (Ossuary)
  2 hobgoblin skeletons (Ossuary)
  3 hobgoblin zombies (Ossuary)
  3 kobold skeletons (Ossuary)
  4 orc skeletons (Ossuary)
  2 orc zombies (Ossuary)
  2 rat skeletons (Ossuary)
  6 rat zombies (Ossuary)
  3 briar patches
  8 bushes (D:11)
  2 fire vortices (D:11)
  11 fungi
  A lurking horror (Abyss:5)
  25 plants
122 creatures vanquished.

Grand Total: 4112 creatures vanquished

Notes
Turn   | Place    | Note
-------+----------+-------------------------------------------
     0 | D:1      | shenanigans the Barachi Skald began the quest for the Orb.
     0 | D:1      | Reached XP level 1. HP: 17/17 MP: 3/3
    17 | D:1      | Reached XP level 2. HP: 14/23 MP: 5/5
   335 | D:1      | Reached XP level 3. HP: 28/29 MP: 6/6
  1036 | D:2      | Reached skill level 1 in Shields
  1217 | D:1      | Reached XP level 4. HP: 31/35 MP: 7/7
  2370 | D:2      | Found a bloodstained altar of Trog.
  2792 | D:3      | Reached XP level 5. HP: 38/41 MP: 8/8
  2937 | D:4      | Found a sand-covered staircase.
  2937 | D:4      | Noticed Eustachio
  2964 | Ossuary  | Entered an ossuary
  3563 | Ossuary  | Noticed Menkaure
  3577 | Ossuary  | Killed Menkaure
  3652 | Ossuary  | Reached XP level 6. HP: 35/48 MP: 9/9
  4311 | D:4      | Got a slimy iron ring
  4424 | D:3      | Reached XP level 7. HP: 44/55 MP: 10/10
  4756 | D:4      | Killed Eustachio
  4785 | D:4      | Identified the ring of Intercession {rF+ rC+ Slay+3} (You found it on level 4 of the Dungeon)
  4873 | D:4      | Reached skill level 5 in Fighting
  4873 | D:4      | Reached skill level 5 in Shields
  5039 | D:5      | Entered Level 5 of the Dungeon
  5146 | D:5      | Got a jewelled mace
  5175 | D:5      | Identified the +6 mace "Lacertilianbane" {vamp, rPois} (You found it on level 5 of the Dungeon)
  5199 | D:5      | Reached XP level 8. HP: 60/62 MP: 11/11
  5243 | D:5      | Found a glowing drain.
  5252 | Sewer    | Entered a sewer
  5346 | Sewer    | Reached skill level 5 in Axes
  5419 | Sewer    | Reached skill level 5 in Armour
  5647 | D:5      | Learned a level 2 spell: Song of Slaying
  6425 | D:6      | Found a sacrificial altar of Ru.
  6518 | D:6      | Found a shimmering altar of Xom.
  6834 | D:6      | Found a white marble altar of Elyvilon.
  7151 | D:7      | Noticed Joseph
  7155 | D:7      | Reached XP level 9. HP: 61/71 MP: 12/12
  7569 | D:7      | Killed Joseph
  7579 | D:7      | Noticed Pikel
  7639 | D:7      | Noticed Buffagor's ghost (novice BaFi)
  7666 | D:6      | Killed Pikel
  7837 | D:7      | Found a staircase to the Ecumenical Temple.
  7861 | Temple   | Entered the Ecumenical Temple
  8084 | Temple   | Became a worshipper of Warmaster Okawaru
  8647 | D:8      | Found a glowing silver altar of Zin.
  8667 | D:8      | Found Poadeiqof's General Store.
  8670 | D:8      | Bought a potion of heal wounds for 80 gold pieces
  8670 | D:8      | Bought a scroll of blinking for 120 gold pieces
  8670 | D:8      | Bought a scroll of holy word for 120 gold pieces
  8687 | D:8      | Found Xorasass's Antique Weapon Emporium.
  8730 | D:8      | Reached skill level 1 in Invocations
  8927 | D:8      | Noticed jejorda2's ghost (novice CeGl)
  9263 | D:8      | Found Zuino's General Store.
  9266 | D:8      | Bought a scroll of identify for 24 gold pieces
  9266 | D:8      | Bought a +0 broad axe for 48 gold pieces
  9271 | D:8      | Found Rinedd's Gadget Boutique.
  9402 | D:8      | Reached XP level 10. HP: 80/80 MP: 13/13
 10547 | D:9      | Reached * piety under Okawaru
 10605 | D:9      | Found Boabelaj's Weapon Shoppe.
 10715 | D:9      | Noticed a seven-headed hydra
 10731 | D:9      | Killed a seven-headed hydra
 11225 | D:9      | Reached ** piety under Okawaru
 11273 | D:9      | Noticed a two-headed ogre
 11283 | D:9      | Killed a two-headed ogre
 11301 | D:9      | Found a sacrificial altar of Ru.
 11455 | D:10     | Entered Level 10 of the Dungeon
 11570 | D:10     | Reached skill level 5 in Invocations
 11623 | D:10     | Noticed a two-headed ogre
 11635 | D:10     | Killed a two-headed ogre
 11635 | D:10     | Reached *** piety under Okawaru
 11635 | D:10     | Reached XP level 11. HP: 75/89 MP: 12/14
 11665 | D:10     | Reached skill level 10 in Shields
 12455 | D:10     | Reached **** piety under Okawaru
 13277 | D:11     | Noticed Erica
 13283 | D:11     | Gained mutation: You have an increased reservoir of magic. (+10% MP) [potion of mutation]
 13283 | D:11     | Gained mutation: You have sharp toenails. [potion of mutation]
 13291 | D:11     | Killed Erica
 13291 | D:11     | Reached skill level 10 in Fighting
 13469 | D:11     | Reached skill level 10 in Armour
 13518 | D:11     | Reached ***** piety under Okawaru
 13581 | D:11     | Found a staircase to the Lair.
 13663 | D:11     | Noticed a manticore
 13674 | D:11     | Killed a manticore
 13724 | D:10     | Received a gift from Okawaru
 13724 | D:10     | Reached XP level 12. HP: 98/98 MP: 17/17
 14071 | D:11     | Found a blossoming altar of Fedhas.
 14661 | Lair:1   | Entered Level 1 of the Lair of Beasts
 14661 | Lair:1   | Noticed a seven-headed hydra
 14681 | D:11     | Reached skill level 10 in Axes
 14720 | D:11     | Killed a seven-headed hydra
 14864 | Lair:1   | Noticed a four-headed hydra
 15230 | Lair:1   | Killed a four-headed hydra
 15342 | Lair:1   | Got a smoking helmet
 15353 | Lair:1   | Identified the cursed +0 helmet of Taloz Hukamm {rPois Regen+ Dex+4} (You found it on level 1 of the Lair of Beasts)
 15633 | Lair:2   | Noticed Gastronok
 15904 | Lair:2   | Noticed Fannar
 15946 | Lair:2   | Killed Fannar
 16048 | Lair:2   | Noticed an ice dragon
 16083 | Lair:2   | Killed an ice dragon
 16219 | Lair:2   | Noticed a six-headed hydra
 16322 | Lair:2   | Killed a six-headed hydra
 16449 | Lair:2   | Gained mutation: You can hop long distances. [Barachi growth]
 16449 | Lair:2   | Reached XP level 13. HP: 108/108 MP: 18/18
 16595 | Lair:2   | You fall through a shaft!
 16659 | Lair:3   | Found a staircase to the Snake Pit.
 17270 | Lair:3   | Received a gift from Okawaru
 17868 | Lair:2   | Noticed Nergalle
 17885 | Lair:2   | Killed Nergalle
 17951 | Lair:2   | Killed Gastronok
 17966 | Lair:2   | Found a staircase to the Swamp.
 18391 | Lair:4   | Noticed Snorg
 18419 | Lair:4   | Killed Snorg
 18942 | Lair:4   | Found a radiant altar of Vehumet.
 19265 | Lair:5   | Found a viscous altar of Jiyva.
 19265 | Lair:5   | Found a staircase to the Slime Pits.
 20001 | Lair:6   | Entered Level 6 of the Lair of Beasts
 20530 | Lair:6   | Reached XP level 14. HP: 118/118 MP: 19/19
 21486 | Lair:6   | Got a bone long sword
 21487 | Lair:6   | Identified the +9 long sword of the Toadstool {freeze, +Rage rPois} (You found it on level 6 of the Lair of Beasts)
 21905 | Lair:6   | Noticed a dire elephant
 21905 | Lair:6   | Noticed a dire elephant
 22084 | Lair:6   | Noticed a dire elephant
 22133 | Lair:6   | Killed a dire elephant
 22163 | Lair:6   | Noticed a dire elephant
 22184 | Lair:6   | Killed a dire elephant
 22250 | Lair:6   | Killed a dire elephant
 22250 | Lair:6   | Received a gift from Okawaru
 22253 | Lair:6   | Got a pair of distressingly furry gloves {god gift}
 22260 | Lair:6   | Noticed a dire elephant
 22672 | Lair:6   | Identified the +0 pair of gloves "Pemputyp" {rCorr} (Okawaru gifted it to you on level 6 of the Lair of Beasts)
 22922 | Lair:6   | Noticed a dire elephant
 24008 | D:12     | Found a staircase to the Orcish Mines.
 24021 | Orc:1    | Entered Level 1 of the Orcish Mines
 24642 | Orc:1    | Noticed an orc warlord
 24687 | Orc:2    | Entered Level 2 of the Orcish Mines
 24687 | Orc:2    | Found a roughly hewn altar of Beogh.
 24703 | Orc:2    | Paralysed by an orc sorcerer for 7 turns
 24868 | Orc:1    | Killed an orc warlord
 25072 | Orc:2    | Noticed an orc warlord
 25227 | Orc:1    | Killed an orc warlord
 25519 | Orc:2    | Found a staircase to the Elven Halls.
 25802 | Orc:2    | Reached XP level 15. HP: 117/127 MP: 16/20
 25955 | Orc:2    | Found Nuurchor's Antique Armour Emporium.
 25955 | Orc:2    | Found Lyom's Magic Scroll Shop.
 26004 | Orc:2    | Bought a scroll of fear for 56 gold pieces
 26277 | Orc:2    | Found a roughly hewn altar of Beogh.
 26289 | Orc:2    | Found Josecozi's Antique Weapon Emporium.
 26289 | Orc:2    | Found Izusoor's Magic Scroll Shop.
 26383 | Orc:2    | Bought a scroll of summoning for 152 gold pieces
 26383 | Orc:2    | Bought a scroll of teleportation for 48 gold pieces
 26383 | Orc:2    | Bought a scroll of holy word for 120 gold pieces
 26393 | Orc:2    | Learned a level 8 spell: Ignition
 26502 | Orc:2    | Noticed an orc warlord
 26534 | Orc:2    | Killed an orc warlord
 27241 | D:13     | Received a gift from Okawaru
 27244 | D:13     | Got a pair of spiked gloves {god gift}
 27255 | D:13     | Identified the +0 pair of gloves of Dyspraxia {Slay+5 Stlth+} (Okawaru gifted it to you on level 13 of the Dungeon)
 27356 | D:13     | Reached skill level 15 in Shields
 27476 | D:14     | Found a gate to the Vaults.
 27476 | D:14     | Noticed Rupert
 27476 | D:14     | Noticed Nessos
 27549 | D:13     | Paralysed by Rupert for 5 turns
 27556 | D:13     | Paralysed by Rupert for 6 turns
 27746 | D:13     | Killed Rupert
 27921 | D:14     | Killed Nessos
 28087 | D:14     | Reached skill level 15 in Fighting
 28381 | D:14     | Reached skill level 15 in Armour
 28780 | D:15     | Entered Level 15 of the Dungeon
 28856 | D:15     | Reached skill level 15 in Axes
 28856 | D:15     | Reached XP level 16. HP: 131/136 MP: 18/21
 29198 | D:15     | Found a glowing silver altar of Zin.
 29237 | D:15     | Found a labyrinth entrance.
 29248 | Lab      | Entered a labyrinth
 29504 | Lab      | Received a gift from Okawaru
 30057 | D:15     | Received a gift from Okawaru
 30457 | Swamp:1  | Entered Level 1 of the Swamp
 30941 | D:8      | Bought a ration for 60 gold pieces
 31338 | Swamp:1  | Reached skill level 1 in Fire Magic
 32150 | Swamp:2  | Received a gift from Okawaru
 32159 | Swamp:2  | Got a scorched large shield {god gift}
 32168 | Swamp:2  | Identified the +0 large shield "Owkusel" {rN+ Str+4 SInv} (Okawaru gifted it to you on level 2 of the Swamp)
 32658 | Swamp:3  | Noticed a thorn hunter
 32795 | Swamp:3  | Killed a thorn hunter
 32795 | Swamp:3  | Reached skill level 5 in Dodging
 32891 | Swamp:3  | Identified the Disquisition on the Glacier and Poison
 33053 | Swamp:3  | Reached XP level 17. HP: 126/144 MP: 17/25
 33304 | Swamp:3  | Noticed Mara
 33325 | Swamp:3  | Noticed shenanigans's illusion
 33871 | Swamp:3  | Noticed shenanigans's illusion
 33890 | Swamp:2  | Noticed shenanigans's illusion
 33899 | Swamp:2  | Killed Mara
 33899 | Swamp:2  | Received a gift from Okawaru
 34186 | Swamp:4  | Entered Level 4 of the Swamp
 34362 | Swamp:4  | Noticed the 27-headed Lernaean hydra
 34722 | Swamp:4  | Reached ****** piety under Okawaru
 34780 | Swamp:4  | Reached skill level 5 in Spellcasting
 35044 | Swamp:4  | Reached skill level 5 in Fire Magic
 35105 | Swamp:4  | Got a brightly glowing chain mail
 35218 | Swamp:4  | Got a decaying rune of Zot
 35413 | Swamp:4  | Identified the +8 chain mail of Zyt Zynn {rC+ Str+6 Int+3} (You found it on level 4 of the Swamp)
 35644 | Snake:1  | Entered Level 1 of the Snake Pit
 36163 | Snake:1  | Received a gift from Okawaru
 36297 | Snake:1  | Found Noguijan's Gadget Boutique.
 36662 | Snake:2  | Noticed Azrael
 36837 | Snake:2  | Killed Azrael
 37204 | Snake:2  | Reached XP level 18. HP: 151/151 MP: 24/29
 37267 | Snake:2  | Noticed Aizul
 37289 | Snake:2  | Killed Aizul
 37682 | Snake:2  | Noticed Nikola
 37709 | Snake:2  | Killed Nikola
 37709 | Snake:2  | Received a gift from Okawaru
 37765 | Snake:2  | Found Jeofrog's Weapon Emporium.
 38222 | Snake:3  | Reached skill level 10 in Dodging
 38381 | Snake:3  | Received a gift from Okawaru
 38533 | Snake:3  | Found a flickering gateway to a bazaar.
 38566 | Bazaar   | Entered a bazaar
 38593 | Bazaar   | Found Fuiplutu's Jewellery Shoppe.
 38612 | Bazaar   | Found Mesouleb's Weapon Shoppe.
 38612 | Bazaar   | Found Ilauhig's Food Emporium.
 38667 | Bazaar   | Bought a ration for 50 gold pieces
 38667 | Bazaar   | Bought a ration for 50 gold pieces
 38667 | Bazaar   | Bought a ration for 50 gold pieces
 38667 | Bazaar   | Bought a ration for 50 gold pieces
 38667 | Bazaar   | Bought a ration for 50 gold pieces
 38667 | Bazaar   | Bought a ration for 50 gold pieces
 38667 | Bazaar   | Bought a ration for 50 gold pieces
 38667 | Bazaar   | Bought a ration for 50 gold pieces
 38667 | Bazaar   | Bought a ration for 50 gold pieces
 38667 | Bazaar   | Bought a ration for 50 gold pieces
 38667 | Bazaar   | Bought a ration for 50 gold pieces
 38687 | Bazaar   | Bought an uncursed amulet of regeneration for 270 gold pieces
 39381 | Snake:4  | Entered Level 4 of the Snake Pit
 40308 | Snake:4  | Received a gift from Okawaru
 40310 | Snake:4  | Reached XP level 19. HP: 157/158 MP: 33/33
 41493 | Snake:4  | Got a serpentine rune of Zot
 41831 | Vaults:1 | Entered Level 1 of the Vaults
 41833 | Vaults:1 | Reached XP level 20. HP: 167/167 MP: 35/35
 42165 | Vaults:1 | Noticed Saint Roka
 42318 | D:14     | Killed Saint Roka
 42570 | Vaults:1 | Got a pair of ichor-stained gloves
 42583 | Vaults:1 | Identified the cursed +0 pair of gloves of Dilurph {rElec rC+ Dex+3} (You found it on level 1 of the Vaults)
 42846 | Vaults:1 | Found Wughaox's Weapon Shoppe.
 43250 | Vaults:1 | Noticed Asterion
 43310 | Vaults:1 | Received a gift from Okawaru
 43528 | Vaults:1 | Killed Asterion
 44442 | Vaults:1 | Received a gift from Okawaru
 44727 | Vaults:1 | Learned a level 9 spell: Shatter
 44728 | Vaults:1 | Got a warped copper ring
 44729 | Vaults:1 | Identified the ring "Vigouwehe" {+Fly Str-4 Dex+9 SInv Stlth+} (You found it on level 1 of the Vaults)
 45210 | Vaults:2 | Reached XP level 21. HP: 174/174 MP: 37/37
 45227 | Vaults:2 | Reached skill level 10 in Fire Magic
 46078 | Vaults:2 | Paralysed by a wizard for 6 turns
 46647 | Vaults:2 | Reached skill level 10 in Spellcasting
 47833 | Vaults:2 | Reached skill level 15 in Dodging
 48090 | Vaults:2 | Found a staircase to the Crypt.
 48417 | Vaults:2 | Received a gift from Okawaru
 48482 | Vaults:2 | Got a fine graven amulet
 48493 | Vaults:2 | Identified the amulet "Vayluf" {+Rage rC+ rN+ Str+3} (You found it on level 2 of the Vaults)
 48552 | Vaults:2 | Got a shimmering glass ring
 48554 | Vaults:2 | Identified the ring "Isyfricu" {Wiz Dex+2} (You found it on level 2 of the Vaults)
 49257 | Vaults:3 | Reached XP level 22. HP: 161/181 MP: 41/41
 50388 | Vaults:4 | Received a gift from Okawaru
 50796 | Vaults:4 | Learned a level 9 spell: Glaciate
 50807 | Vaults:4 | Learned a level 9 spell: Fire Storm
 50880 | Vaults:4 | Received a gift from Okawaru
 51016 | Vaults:4 | Reached skill level 15 in Fire Magic
 51234 | Vaults:4 | Found a shattered altar of Ashenzari.
 51477 | Vaults:4 | Reached XP level 23. HP: 180/187 MP: 45/45
 52219 | Depths:1 | Entered Level 1 of the Depths
 52284 | Depths:1 | Received a gift from Okawaru
 52296 | Depths:1 | Found a portal to a secret trove of treasure.
 52357 | Depths:1 | Reached skill level 15 in Spellcasting
 52653 | Depths:1 | Found a gateway to Hell.
 52742 | Depths:1 | Found Boarefat's Antique Armour Boutique.
 52772 | Depths:1 | Received a gift from Okawaru
 52811 | Depths:1 | Found Voji's Antique Armour Shoppe.
 52812 | Depths:1 | Found Dimupob's Assorted Antiques.
 52814 | Depths:1 | Found Ujyr's General Store.
 52823 | Depths:1 | Bought a potion of heal wounds for 195 gold pieces
 52823 | Depths:1 | Bought a potion of heal wounds for 195 gold pieces
 52825 | Depths:1 | Bought 2 scrolls of enchant armour for 225 gold pieces
 53534 | Depths:2 | Noticed an ancient lich
 53568 | Depths:2 | Killed an ancient lich
 53579 | Depths:2 | Noticed a golden dragon
 53583 | Depths:2 | a golden dragon changed into a shadow dragon
 53596 | Depths:2 | Received a gift from Okawaru
 53897 | Depths:2 | Paralysed by a sphinx for 2 turns
 54100 | Depths:2 | Noticed Jorgrun
 54110 | Depths:2 | Killed Jorgrun
 54187 | Depths:2 | Got a bound marble ring
 54188 | Depths:2 | Identified the ring "Ymneoll" {+Fly rPois rC++ Str+4 Int+2} (You found it on level 2 of the Depths)
 54248 | Depths:2 | Reached XP level 24. HP: 136/195 MP: 47/47
 54393 | Depths:2 | Received a gift from Okawaru
 54406 | Depths:2 | Noticed Bai Suzhen
 54426 | Depths:2 | Killed Bai Suzhen
 55219 | Depths:3 | Gained mutation: You are weak. (Str -2) [a cacodemon]
 55360 | Depths:3 | Received a gift from Okawaru
 55372 | Depths:3 | Got a translucent broad axe {god gift}
 55437 | Depths:3 | Found a one-way gate leading to the halls of Pandemonium.
 55624 | Depths:2 | Identified the +4 broad axe of Gallantry {drain, *Drain Dex+5} (Okawaru gifted it to you on level 3 of the Depths)
 56211 | Depths:3 | Noticed Sojobo
 56225 | Depths:3 | Received a gift from Okawaru
 56230 | Depths:3 | Killed Sojobo
 56463 | Depths:3 | Reached XP level 25. HP: 196/201 MP: 49/49
 56526 | Depths:3 | Identified a scroll of acquirement
 56596 | Depths:3 | Found the +10 large shield of Ignorance {rN+ Int-4}
 56847 | Depths:4 | Found a gateway to a ziggurat.
 56875 | Depths:4 | Found a one-way gate to the infinite horrors of the Abyss.
 56927 | Depths:4 | Noticed the Enchantress
 56947 | Depths:4 | Received a gift from Okawaru
 56999 | Depths:4 | Killed the Enchantress
 57008 | Depths:4 | Got faerie dragon scales
 57009 | Depths:4 | Identified the +4 faerie dragon scales {-Tele rF++ rN+ rCorr MP+9} (You took it off the Enchantress on level 4 of the Depths)
 57888 | Depths:4 | Found a basalt altar of Yredelemnul.
 58272 | Depths:5 | Entered Level 5 of the Depths
 59658 | Depths:5 | Found a gate to the Realm of Zot.
 60060 | Elf:1    | Entered Level 1 of the Elven Halls
 60362 | Elf:1    | Reached skill level 1 in Earth Magic
 60363 | Elf:1    | Cast into level 4 of the Abyss (deep elf death mage)
 60393 | Abyss:4  | Lost mutation: You have an increased reservoir of magic. (+10% MP) [a neqoxec]
 60431 | Abyss:4  | Found a corrupted altar of Lugonu.
 60439 | Elf:1    | Escaped the Abyss
 60450 | Elf:1    | Identified the Grimoire of Black Secrets
 60466 | Elf:1    | Found a radiant altar of Vehumet.
 61164 | Elf:1    | Identified the Catalogue of Creative Confrontation
 61444 | Elf:2    | Reached XP level 26. HP: 208/208 MP: 47/47
 61802 | Elf:2    | Found a large runed door.
 61802 | Elf:2    | Found a large runed door.
 61825 | Elf:2    | Found a large runed door.
 61825 | Elf:2    | Found a large runed door.
 62119 | Elf:2    | Received a gift from Okawaru
 62587 | Elf:3    | Entered Level 3 of the Elven Halls
 62599 | Elf:3    | Found Ylail's Distillery.
 62651 | Elf:3    | Bought a potion of brilliance for 64 gold pieces
 62651 | Elf:3    | Bought 2 potions of might for 128 gold pieces
 62651 | Elf:3    | Bought a potion of heal wounds for 80 gold pieces
 62651 | Elf:3    | Bought a potion of heal wounds for 80 gold pieces
 62651 | Elf:3    | Bought a potion of heal wounds for 80 gold pieces
 62651 | Elf:3    | Bought a potion of curing for 48 gold pieces
 62651 | Elf:3    | Bought a potion of curing for 48 gold pieces
 63340 | Elf:3    | Reached skill level 5 in Earth Magic
 63419 | Elf:3    | Got a heavily runed large shield
 63421 | Elf:3    | Identified the +7 large shield "Exzu" {rC+} (You took it off a deep elf mage on level 3 of the Elven Halls)
 63505 | Elf:3    | Received a gift from Okawaru
 63575 | Elf:3    | Got a shimmering shield
 63576 | Elf:3    | Identified the cursed +0 shield "Akeroeto" {rF+} (You took it off a deep elf annihilator on level 3 of the Elven Halls)
 63879 | Elf:3    | Identified the +1 plate armour of Omission {rPois rCorr Str-3 Int+3} (You took it off a deep elf blademaster on level 3 of the Elven Halls)
 64182 | Slime:1  | Entered Level 1 of the Pits of Slime
 64867 | Slime:2  | Gained mutation: You evolve. [a shining eye]
 65015 | Slime:4  | Gained mutation: Your spells are a little easier to cast, but a little less powerful. [a shining eye]
 65029 | Slime:4  | Gained mutation: You tend to lose your temper in combat. [a shining eye]
 65033 | Slime:4  | Gained mutation: You often lose your temper in combat. [a shining eye]
 65047 | Slime:5  | Entered Level 5 of the Pits of Slime
 65068 | Slime:5  | Paralysed by a floating eye for 4 turns
 65483 | Slime:5  | Noticed the Royal Jelly
 65657 | Slime:4  | Lost mutation: You are weak. (Str -2) [potion of mutation]
 65657 | Slime:4  | Lost mutation: Your spells are a little easier to cast, but a little less powerful. [potion of mutation]
 65657 | Slime:4  | Gained mutation: You are clumsy. (Dex -2) [potion of mutation]
 65657 | Slime:4  | Gained mutation: Your skin changes colour to match your surroundings (Stealth+). [potion of mutation]
 65657 | Slime:4  | Gained mutation: Your magical capacity is low. (-10% MP) [potion of mutation]
 65657 | Slime:4  | Gained mutation: Your movements are slightly less encumbered by armour. (ER -2) [potion of mutation]
 65658 | Slime:4  | Lost mutation: You often lose your temper in combat. [potion of mutation]
 65658 | Slime:4  | Lost mutation: Your magical capacity is low. (-10% MP) [potion of mutation]
 65658 | Slime:4  | Lost mutation: You are clumsy. (Dex -2) [potion of mutation]
 65658 | Slime:4  | Gained mutation: You have a pair of small horns on your head. [potion of mutation]
 65658 | Slime:4  | Gained mutation: You are weak. (Str -2) [potion of mutation]
 65658 | Slime:4  | Gained mutation: You are agile. (Dex +2) [potion of mutation]
 65659 | Slime:4  | Lost mutation: You tend to lose your temper in combat. [potion of mutation]
 65659 | Slime:4  | Lost mutation: You are agile. (Dex +2) [potion of mutation]
 65659 | Slime:4  | Lost mutation: You evolve. [potion of mutation]
 65659 | Slime:4  | Gained mutation: You passively map a small area around you. [potion of mutation]
 65659 | Slime:4  | Gained mutation: Your flesh is heat resistant. (rF+) [potion of mutation]
 65659 | Slime:4  | Lost mutation: You have a pair of small horns on your head. [potion of mutation]
 65659 | Slime:4  | Gained mutation: You are partially covered in thin metallic scales. (AC +2) [potion of mutation]
 65697 | Slime:5  | Received a gift from Okawaru
 65704 | Slime:5  | Killed the Royal Jelly
 65704 | Slime:5  | Reached XP level 27. HP: 69/213 MP: 44/48
 66165 | Slime:5  | Found the +2 shield of Resistance {rF+ rC+ MR+}
 66274 | Slime:5  | Got a slimy rune of Zot
 66276 | Slime:5  | Got a faintly glowing copper amulet
 66277 | Slime:5  | Identified the amulet "Guzimat" {Spirit *Drain rC+ Int+6} (You found it on level 5 of the Pits of Slime)
 66310 | Slime:5  | Got a smoking glass ring
 66311 | Slime:5  | Identified the ring of Venit {rElec rF+ Int+3} (You found it on level 5 of the Pits of Slime)
 66436 | Slime:5  | Got a twisted scale mail
 66447 | Slime:5  | Identified the +4 scale mail of the Vestibule of Hell {+Fly MR+++ rCorr Dex-4} (You found it on level 5 of the Pits of Slime)
 66872 | Temple   | Fell from the grace of Okawaru
 66872 | Temple   | Became a worshipper of Makhleb the Destroyer
 67197 | Vaults:5 | Entered Level 5 of the Vaults
 67199 | Vaults:5 | Reached * piety under Makhleb
 67388 | Zig:1    | Entered Level 1 of a ziggurat
 67416 | Zig:2    | Entered Level 2 of a ziggurat
 67440 | Zig:3    | Entered Level 3 of a ziggurat
 67480 | Zig:4    | Entered Level 4 of a ziggurat
 67512 | Zig:4    | Got a heavily runed bone amulet
 67513 | Zig:4    | Identified the amulet "Upeazo" {Harm *Drain rN++ Str+3 Stlth+} (You found it on level 4 of a ziggurat)
 67653 | Zig:5    | Entered Level 5 of a ziggurat
 67653 | Zig:5    | Noticed a juggernaut
 67681 | Zig:5    | Killed a juggernaut
 67695 | Zig:5    | Got a pitted scale mail
 67697 | Zig:5    | Got a faintly glowing pewter ring
 67703 | Zig:5    | Got a steaming scale mail
 67716 | Zig:5    | Identified the ring "Datug" {rC+ Int+2} (You found it on level 5 of a ziggurat)
 67718 | Zig:5    | Identified the +1 scale mail "Nuloj" {rF++ rCorr Dex-5} (You found it on level 5 of a ziggurat)
 67720 | Zig:5    | Identified the cursed +1 scale mail of the Fiend {Str+3} (You found it on level 5 of a ziggurat)
 67723 | Zig:6    | Entered Level 6 of a ziggurat
 67725 | Zig:6    | Noticed Dosecen the pandemonium lord
 67766 | Zig:6    | Killed Dosecen the pandemonium lord
 67901 | Zig:7    | Entered Level 7 of a ziggurat
 67906 | Zig:7    | Reached ** piety under Makhleb
 67930 | Zig:7    | Identified the Almanac of Weightlessness and Clay
 67938 | Zig:8    | Entered Level 8 of a ziggurat
 67961 | Zig:8    | Reached skill level 10 in Earth Magic
 68014 | Zig:8    | Learned a level 2 spell: Blink
 68016 | Zig:9    | Entered Level 9 of a ziggurat
 68023 | Zig:9    | Found the +8 storm bow {elec}
 68023 | Zig:9    | Found the +7 lajatang of Order {silver, rMut}
 68067 | Zig:10   | Entered Level 10 of a ziggurat
 68074 | Zig:10   | Reached *** piety under Makhleb
 68113 | Zig:10   | Got faintly humming ice dragon scales
 68145 | Zig:10   | Got a shimmering iron ring
 68154 | Zig:10   | Identified the +7 ice dragon scales of Noughts and Crosses {+Blink rF- rC++ rCorr Int-3 Dex+5} (You found it on level 10 of a ziggurat)
 68155 | Zig:10   | Identified the ring of Autotheism {rCorr rN++ Dex-4} (You found it on level 10 of a ziggurat)
 68205 | Zig:11   | Entered Level 11 of a ziggurat
 68209 | Zig:11   | Noticed a juggernaut
 68210 | Zig:11   | Found the +5 demon whip "Spellbinder" {antimagic, MR+}
 68211 | Zig:11   | Killed a juggernaut
 68273 | Zig:11   | Identified the Collected Works on Cankerous Companions
 68359 | Zig:12   | Entered Level 12 of a ziggurat
 68367 | Zig:12   | Found the +8 longbow "Zephyr" {speed, Dex+3 SInv}
 68367 | Zig:12   | Reached **** piety under Makhleb
 68491 | Zig:13   | Entered Level 13 of a ziggurat
 68518 | Zig:13   | Reached ***** piety under Makhleb
 68545 | Zig:13   | Identified the Compendium of Malediction
 68547 | Zig:13   | Got a pitted tin ring
 68548 | Zig:13   | Identified the ring of Soosauke {rCorr Slay+2} (You found it on level 13 of a ziggurat)
 68553 | Zig:13   | Got a pair of encrusted boots
 68554 | Zig:13   | Identified the cursed -4 pair of boots of Kleptomania {Int+4 Slay+3} (You found it on level 13 of a ziggurat)
 68601 | Zig:14   | Entered Level 14 of a ziggurat
 68608 | Zig:14   | Noticed a juggernaut
 68608 | Zig:14   | Noticed a juggernaut
 68608 | Zig:14   | Noticed a juggernaut
 68618 | Zig:14   | Killed a juggernaut
 68620 | Zig:14   | Killed a juggernaut
 68621 | Zig:14   | Killed a juggernaut
 68712 | Zig:15   | Entered Level 15 of a ziggurat
 68796 | Zig:16   | Entered Level 16 of a ziggurat
 68805 | Zig:16   | Noticed an ancient lich
 68824 | Zig:16   | Killed an ancient lich
 68913 | Zig:16   | Got a scintillating ruby amulet
 68914 | Zig:16   | Identified the amulet "Naukaaps" {Harm *Drain rF- Int+4 Dex+3} (You found it on level 16 of a ziggurat)
 68918 | Zig:16   | Identified the Guide on Ashen Feathers
 68961 | Zig:17   | Entered Level 17 of a ziggurat
 68972 | Zig:17   | Reached ****** piety under Makhleb
 69195 | Zig:18   | Entered Level 18 of a ziggurat
 69205 | Zig:18   | Noticed an ancient lich
 69205 | Zig:18   | Noticed an ancient lich
 69222 | Zig:18   | Killed an ancient lich
 69222 | Zig:18   | Killed an ancient lich
 69266 | Zig:18   | Got a shimmering scale mail
 69267 | Zig:18   | Identified the +0 scale mail "Mozunett" {-Tele Dex+6} (You found it on level 18 of a ziggurat)
 69276 | Zig:18   | Got a glittering wooden ring
 69277 | Zig:18   | Identified the cursed ring "Ywuass" {EV-2 Slay+2} (You found it on level 18 of a ziggurat)
 69286 | Zig:18   | Got a serpentine amber ring
 69287 | Zig:18   | Identified the ring of the Rose {+Inv MR+ AC+4 Stlth+} (You found it on level 18 of a ziggurat)
 69354 | Zig:19   | Entered Level 19 of a ziggurat
 69376 | Zig:19   | Reached skill level 15 in Earth Magic
 69397 | Zig:19   | Identified Etutud's Compendium of the Snail
 69409 | Zig:19   | Identified Kikubaaqudgha's Compendium of Evil
 69412 | Zig:19   | Identified the Papyrus of the Oath
 69448 | Zig:20   | Entered Level 20 of a ziggurat
 69541 | Zig:20   | Got a bound glass ring
 69542 | Zig:20   | Identified the ring "Ziycal" {rN+ SInv Stlth+} (You found it on level 20 of a ziggurat)
 69606 | Zig:21   | Entered Level 21 of a ziggurat
 69738 | Zig:21   | Found the +8 whip "Snakebite" {curare, rPois}
 69764 | Zig:21   | Identified the Compendium of Attacks
 69787 | Zig:22   | Entered Level 22 of a ziggurat
 69799 | Zig:22   | Found the +2 cloak of the Thief {+Fog Slay-2 SInv Stlth+}
 69857 | Zig:22   | Got a coiled tin amulet
 69858 | Zig:22   | Identified the amulet "Anuc" {RegenMP +Fly MR+} (You found it on level 22 of a ziggurat)
 69887 | Zig:23   | Entered Level 23 of a ziggurat
 70010 | Zig:23   | Identified a +1 pair of boots of running (You found it on level 23 of a ziggurat)
 70064 | Zig:24   | Entered Level 24 of a ziggurat
 70209 | Zig:24   | Got a bronze chain mail
 70215 | Zig:24   | Identified the +1 chain mail of Yredelemnul's Whim {+Fly MR- rCorr Int+9} (You found it on level 24 of a ziggurat)
 70236 | Zig:24   | Identified Ujeig's Reference Book on Self-Improvement
 70328 | Zig:25   | Entered Level 25 of a ziggurat
 70386 | Zig:25   | Got a steaming iron ring
 70387 | Zig:25   | Identified the ring "Qikk" {rPois rF+ Dex+4 SInv} (You found it on level 25 of a ziggurat)
 70393 | Zig:25   | Identified Kyefagh's Handbook of Ashen Stolen Souls
 70399 | Zig:25   | Got a slimy tin amulet
 70400 | Zig:25   | Identified the amulet of Ydappuq {Harm *Drain Stlth+} (You found it on level 25 of a ziggurat)
 70418 | Zig:25   | Got a warped copper ring
 70426 | Zig:25   | Identified the ring of Cowardice {MR+ Str+2} (You found it on level 25 of a ziggurat)
 70498 | Zig:26   | Entered Level 26 of a ziggurat
 70516 | Zig:26   | Noticed Xaosio Juexo the pandemonium lord
 70527 | Zig:27   | Entered Level 27 of a ziggurat
 70549 | Zig:27   | Noticed a juggernaut
 70551 | Zig:27   | Noticed a juggernaut
 70551 | Zig:27   | Noticed a juggernaut
 70554 | Zig:27   | Noticed a juggernaut
 70554 | Zig:27   | Noticed a juggernaut
 70554 | Zig:27   | Noticed a juggernaut
 70554 | Zig:27   | Noticed a juggernaut
 70554 | Zig:27   | Noticed a juggernaut
 70554 | Zig:27   | Noticed a juggernaut
 70554 | Zig:27   | Noticed a juggernaut
 70556 | Zig:27   | Noticed a juggernaut
 70558 | Zig:27   | Killed a juggernaut
 70559 | Zig:27   | Noticed a juggernaut
 70560 | Zig:27   | Killed a juggernaut
 70561 | Zig:27   | Killed a juggernaut
 70563 | Zig:27   | Killed a juggernaut
 70564 | Zig:27   | Killed a juggernaut
 70565 | Zig:27   | Killed a juggernaut
 70568 | Zig:27   | Killed a juggernaut
 70568 | Zig:27   | Killed a juggernaut
 70568 | Zig:27   | Killed a juggernaut
 70573 | Zig:27   | Killed a juggernaut
 70576 | Zig:27   | Killed a juggernaut
 70577 | Zig:27   | Killed a juggernaut
 70628 | Zig:27   | Got an ichor-stained shield
 70629 | Zig:27   | Identified the cursed +0 shield of Zeiggar {*Slow +Fly Int+2} (You found it on level 27 of a ziggurat)
 70753 | Zig:1    | Entered Level 1 of a ziggurat
 70776 | Zig:2    | Entered Level 2 of a ziggurat
 70802 | Zig:3    | Entered Level 3 of a ziggurat
 70863 | Zig:4    | Entered Level 4 of a ziggurat
 70887 | Zig:4    | Got a sparkling ivory ring
 70893 | Zig:4    | Identified the ring "Iriolal" {*Tele Str+6 Int-3 Dex+4 Stlth+} (You found it on level 4 of a ziggurat)
 70896 | Zig:5    | Entered Level 5 of a ziggurat
 70951 | Zig:6    | Entered Level 6 of a ziggurat
 70956 | Zig:6    | Found the +7 Spriggan's Knife {MR+ EV+4 Dex+4 Stlth+}
 71029 | Zig:7    | Entered Level 7 of a ziggurat
 71035 | Zig:7    | Noticed Pufrucw the pandemonium lord
 71044 | Zig:7    | Killed Pufrucw the pandemonium lord
 71201 | Zig:8    | Entered Level 8 of a ziggurat
 71209 | Zig:8    | Noticed Sabuumag the pandemonium lord
 71224 | Zig:9    | Entered Level 9 of a ziggurat
 71241 | Zig:10   | Entered Level 10 of a ziggurat
 71282 | Zig:10   | Found the +8 mithril axe "Arga" {speed, MR+}
 71361 | Zig:11   | Entered Level 11 of a ziggurat
 71366 | Zig:11   | Noticed Ucodisat the pandemonium lord
 71368 | Zig:11   | Noticed Mibeumpu the pandemonium lord
 71370 | Zig:11   | Noticed Bozuoma the pandemonium lord
 71370 | Zig:11   | Reached skill level 1 in Conjurations
 71370 | Zig:11   | Reached skill level 1 in Ice Magic
 71370 | Zig:11   | Killed Bozuoma the pandemonium lord
 71372 | Zig:11   | Noticed Fezoczim the pandemonium lord
 71389 | Zig:11   | Killed Ucodisat the pandemonium lord
 71411 | Zig:11   | Killed Mibeumpu the pandemonium lord
 71411 | Zig:11   | Reached skill level 5 in Ice Magic
 71422 | Zig:11   | Killed Fezoczim the pandemonium lord
 71422 | Zig:11   | Reached skill level 5 in Conjurations
 71609 | Zig:11   | Got a twitching jade amulet
 71630 | Zig:11   | Identified the amulet of Fokimpon {Harm *Drain Str+4 Dex+5} (You found it on level 11 of a ziggurat)
 71647 | Zig:12   | Entered Level 12 of a ziggurat
 71681 | Zig:12   | Identified the Catalogue of Benedictions and the Oath
 71698 | Zig:12   | Identified the Compendium of Creation and Blows and Bruises
 71725 | Zig:12   | Upgraded the game from 0.21-a0-621-gc60411f to 0.21-a0-625-g1119ec1
 71727 | Zig:13   | Entered Level 13 of a ziggurat
 71883 | Zig:13   | Got a clouded pewter ring
 71884 | Zig:13   | Identified the ring of Terra Nullius {Fire Dex+6 Stlth+} (You found it on level 13 of a ziggurat)
 71981 | Zig:14   | Entered Level 14 of a ziggurat
 71995 | Zig:14   | Found the cursed +13 scythe of Curses {drain, *Curse}
 71995 | Zig:14   | Reached skill level 10 in Ice Magic
 72055 | Zig:14   | Got a sparkling tin ring
 72056 | Zig:14   | Identified the ring of Lesser Demons {rElec rC- Int+3 Slay+1} (You found it on level 14 of a ziggurat)
 72086 | Zig:15   | Entered Level 15 of a ziggurat
 72095 | Zig:15   | Reached skill level 10 in Conjurations
 72118 | Zig:15   | Paralysed by accursed screaming for 1 turns
 72154 | Zig:15   | Was forgiven by Okawaru
 72190 | Zig:15   | Got a pitted bone ring
 72191 | Zig:15   | Identified the ring "Etacuape" {rElec rC+ Dex+2 Stlth-} (You found it on level 15 of a ziggurat)
 72269 | Zig:16   | Entered Level 16 of a ziggurat
 72282 | Zig:16   | Found the +5 pair of quick blades "Gyre" and "Gimble" {pierce, Dex-3}
 72351 | Zig:16   | Identified the Disquisition on the Blaze and Stolen Souls
 72411 | Zig:17   | Entered Level 17 of a ziggurat
 72495 | Zig:18   | Entered Level 18 of a ziggurat
 72524 | Zig:18   | Paralysed by accursed screaming for 2 turns
 72533 | Zig:18   | Paralysed by accursed screaming for 2 turns
 72566 | Zig:18   | Paralysed by accursed screaming for 2 turns
 72573 | Zig:18   | Paralysed by accursed screaming for 2 turns
 72585 | Zig:18   | Paralysed by accursed screaming for 1 turns
 72701 | Zig:18   | Identified the Catalogue of Glacial Curses
 72708 | Zig:18   | Identified Uheuf's Handbook of Calling and Dark Rites
 72965 | Zig:18   | Reached skill level 15 in Ice Magic
 72972 | Zig:19   | Entered Level 19 of a ziggurat
 72991 | Zig:19   | Reached skill level 15 in Conjurations
 73074 | Zig:19   | Identified the Compendium of Quantum Clay
 73132 | Zig:20   | Entered Level 20 of a ziggurat
 73152 | Zig:20   | Noticed Susiahapeps the pandemonium lord
 73152 | Zig:20   | Noticed Wupoheog the pandemonium lord
 73152 | Zig:20   | Noticed Sasoenid the pandemonium lord
 73152 | Zig:20   | Noticed Wosion the pandemonium lord
 73152 | Zig:20   | Noticed Rinumu the pandemonium lord
 73153 | Zig:20   | Noticed Ydaov the pandemonium lord
 73153 | Zig:20   | Noticed Letud the pandemonium lord
 73153 | Zig:20   | Noticed Puqeza the pandemonium lord
 73153 | Zig:20   | Noticed Efugygg the pandemonium lord
 73153 | Zig:20   | Noticed Sutopic the pandemonium lord
 73153 | Zig:20   | Noticed Elotaxeo the pandemonium lord
 73153 | Zig:20   | Noticed Awek the pandemonium lord
 73153 | Zig:20   | Noticed Ikong the pandemonium lord
 73153 | Zig:20   | Noticed Cipud the pandemonium lord
 73154 | Zig:20   | Noticed Xiufurphul the pandemonium lord
 73156 | Zig:20   | Noticed Bogang the pandemonium lord
 73168 | Zig:20   | Cast into level 5 of the Abyss (Elotaxeo)
 73168 | Abyss:5  | Entered Level 5 of the Abyss
 73246 | Abyss:5  | Noticed an ancient lich
 73274 | Abyss:5  | Killed an ancient lich
 73464 | Abyss:5  | Got an abyssal rune of Zot
 73545 | Zig:20   | Escaped the Abyss
 73554 | Zig:20   | Identified the Handbook of the Captivating Birds
 73556 | Zig:21   | Entered Level 21 of a ziggurat
 73638 | Zig:21   | Found the +4 skin of Zhor {rC+++}
 73696 | Zig:22   | Entered Level 22 of a ziggurat
 73740 | Zig:22   | HP: 10/219 [entropy weaver (2)]
 73740 | Zig:22   | HP: 4/219 [entropy weaver (6)]
 73741 | Zig:22   | Quit the game

Vault maps used:
D:1:      sevenhm_arrival_forest_fort_large_4
D:2:      nicolae_overflow_hidden_temple, grunt_ministairs_1,
          minmay_tetromino_t2
D:4:      first_ration, nicolae_ossuary_entry_false_entrances,
          grunt_decor_mini_mirrors, abandoned_shop, minmay_distorted,
          uniq_eustachio
D:5:      lightli_sewer_entry_pipes
D:6:      elyvilon_altar_3, basic_altar, tgw_xom
D:7:      minmay_temple_entry_hall, uniq_pikel, uniq_joseph
D:8:      cheibrodos_two_vegetables, lemuel_doored_altar, serial_shops,
          kennysheep_mini, nicolae_shop_stone, nicolae_shop_window_shopping,
          nicolae_shop_behind_doors, the_bakery
D:9:      nicolae_ru_great_annihilating_truth, serial_shops,
          nicolae_shop_window_shopping
D:11:     minmay_lair_entry_grove, hangedman_tree_tricks, hangedman_incinerator,
          uniq_erica
D:12:     david_orc_4
D:14:     david_vaults_3, minivault_19, portal_ice_cave_entry_ice_beasts,
          spider_trap
D:15:     hangedman_depths_entry_try_elsewhere_first, zin_angel,
          lab_entry_generic
Temple:   hc_temple_tempest_star
Lair:1:   grunt_megastairs_4
Lair:2:   swamp_mist, st_stairs_3, nicolae_quartered_pool_little, ice2_lemuel,
          uniq_gastronok, uniq_nergalle, uniq_fannar
Lair:3:   guppyfry_snake_entry_garden, special_room
Lair:4:   lemuel_oklob_altar, uniq_snorg
Lair:5:   dpeg_slime_entry_enclosed_altar, kennysheep_catoblepas_arena
Lair:6:   due_jungle_book, st_stairs_12, infiniplex_staircase_pool_2,
          lemuel_fruit_tree
Swamp:1:  evilmike_swamp_ruin_rubble_1
Swamp:2:  nicolae_swamp_round_clearing
Swamp:3:  evilmike_swamp_ruin_house_1, uniq_mara
Swamp:4:  swamp_vile
Snake:1:  serial_shops, nicolae_shop_behind_doors, serial_bayou_pond_a
Snake:2:  serial_shops, nicolae_shop_behind_doors,
          hangedman_snake_thin_pillar_pass, nicolae_large_snake_swirl,
          uniq_azrael, uniq_nikola, uniq_aizul
Snake:3:  serial_shops, bzr_firewalk
Snake:4:  minmay_snake_end_coiled
Slime:1:  basic_altar, nicolae_slime_phagocytosis
Slime:3:  cheibrodos_slime_lost_civilization_4
Orc:2:    st_orc_town, basic_altar
Elf:1:    eino_elf_arrival_shootout, portal_desolation_entry_salt, basic_altar,
          minmay_elf_sorcery, minmay_elf_necromancy
Elf:2:    serial_sigils, serial_sigils_hangedman_shear,
          serial_sigils_hangedman_carve, serial_sigils_hangedman_stare,
          serial_sigils_hangedman_shear
Elf:3:    elf_hall, serial_shops, nicolae_shop_trees
Vaults:1: nicolae_vaults_network_quinsquares, v_misc_33,
          hangedman_vaults_restitches, ontoclasm_vaults_loading_screen,
          nicolae_vaults_alarming, nicolae_vaults_border_crossing,
          ontoclasm_vaults_decontamination, serial_shops, nicolae_shop_stone,
          uniq_saint_roka, uniq_asterion
Vaults:2: minmay_crypt_entry_simple_sparse, st_greater_box_2,
          nicolae_vaults_little_squares_1, v_alt_pattern_6,
          vaults_mumra_minichess, nicolae_vaults_angled_halls,
          ontoclasm_vaults_gateway, vaults_room_door_ring,
          nicolae_vaults_shelves_hall, nicolae_vaults_angled_halls,
          nicolae_vaults_mini_display_case
Vaults:3: v_misc_23, v_alt_pattern_6, ontoclasm_vaults_twist, st_cells,
          grunt_vaults_bifocal, hangedman_vaults_maws, vaults_room_pools,
          hangedman_vaults_hat, vaults_room_hallway, dpeg_vaults_monster_row,
          hangedman_vaults_maws, nicolae_vaults_network_star,
          vaults_mumra_chevron_long, vaults_room_hallway,
          nicolae_vaults_little_squares_2
Vaults:4: nicolae_vaults_network_periphery,
          vaults_standard_mumra_enter_the_diamond, hangedman_vaults_locks,
          ontoclasm_vaults_ring_square, grunt_vaults_trifunnel,
          vaults_room_door_hall, v_misc_29, hangedman_vaults_stretched_pinwheel,
          v_misc_13, vaults_room_hallway, ontoclasm_vaults_hangar,
          nicolae_vaults_angled_halls, vaults_dpeg_hooks, vaults_dpeg_diagonal,
          special_room_vaults, vaults_room_pools, basic_altar
Depths:1: serial_shops, shop, nicolae_trove_entry_crossroad, grunt_hell_horde,
          minivault_22, roderic_lattice_a, dispersion_dpeg, minmay_shop_star
Depths:2: hangedman_crystal_crosses_colossus, hell_entry, serial_shops,
          uniq_bai_suzhen, uniq_jorgrun
Depths:3: angbandy_vault, rand_demon_pan_entry_3, hell_entry,
          minmay_staircase_bubble, grunt_megastairs_5, basic_stair_grate_trap,
          uniq_sojobo
Depths:4: evilmike_negative_zone, enter_ziggurat_f, hell_entry,
          rand_demon_pan_entry_9, minivault_14, abyss_entry,
          hangedman_blasphemy, infiniplex_staircase_pillars_1, uniq_enchantress
Depths:5: lemuel_castle_with_subvaults, hell_entry, minmay_door_square,
          rand_demon_pan_entry_4
Abyss:4:  gammafunk_abyss_rune_reverse_zot
Abyss:5:  hangedman_abyss_rune_flesh_and_stone
Zig:6:    ziggurat_pillar_centre_smoke
Zig:17:   ziggurat_pillar_centre_dead_trees
Zig:18:   ziggurat_pillar_centre_drop
Zig:20:   ziggurat_pillar_centre_oklobs
Zig:24:   ziggurat_pillar_centre_c
Zig:26:   ziggurat_pillar_centre_more_plants
Lab:      labyrinth_watery, labyrinth_glass_1, nicolae_lab_swirl, lab_statue,
          labyrinth_skeletal_remains, nicolae_lab_hexagon
Bazaar:   bazaar_short_row
Sewer:    sewer_frog_island_02
Ossuary:  ossuary_due_pyramid

Skill      XL: |  1  2  3  4  5  6  7  8  9 10 11 12 13 14 15 16 17 18 19 20 21 22 23 24 25 26 27 |
---------------+----------------------------------------------------------------------------------+-----
Armour         | 2 3 4 6 7 8 10 11 13 14 15 16 17 21 | 21.4
Fighting       | 3 4 5 6 7 9 10 12 13 14 15 16 17 18 | 18.6
Shields        | 1 2 3 4 5 7 9 11 12 13 14 15 16 17 20 | 20.9
Axes           | 3 4 5 7 8 9 11 12 13 15 16 17 | 17.1
Invocations    | 2 5 9 |  9.3
Fire Magic     | 3 6 7 8 9 12 15 17 19 21 22 26 | 26.0
Dodging        | 5 9 11 13 15 | 15.4
Spellcasting   | 3 6 7 8 9 11 14 16 18 20 21 26 | 26.3
Earth Magic    | 2 7 25 | 25.1
Stealth        | 14 | 14.1
Conjurations   | 17 | 17.0
Ice Magic      | 18 | 18.2
Charms         | |  3.2

Action                   |  1- 3 |  4- 6 |  7- 9 | 10-12 | 13-15 | 16-18 | 19-21 | 22-24 | 25-27 || total
-------------------------+-------+-------+-------+-------+-------+-------+-------+-------+-------++-------
Melee: Hand axe          |   138 |   298 |   116 |       |       |       |       |       |       ||   552
       Mace              |       |       |   423 |   856 |  2986 |  2729 |  1843 |       |       ||  8837
       Broad axe         |       |       |       |       |       |       |   239 |  1740 |  2750 ||  4729
       Sacred scourge    |       |       |       |       |       |       |       |       |    10 ||    10
Throw: Tomahawk          |       |       |       |     5 |       |       |       |       |       ||     5
       Javelin           |       |       |       |     2 |     2 |     1 |       |       |       ||     5
 Cast: Ignition          |       |       |       |       |       |       |       |       |   132 ||   132
       Shatter           |       |       |       |       |       |       |       |       |    14 ||    14
Invok: Heroism           |       |       |       |    18 |    38 |    30 |    54 |    38 |    46 ||   224
       Finesse           |       |       |       |     2 |     4 |     1 |     2 |     1 |     2 ||    12
       Lesser Servant of |       |       |       |       |       |       |       |       |     8 ||     8
       Greater Servant o |       |       |       |       |       |       |       |       |     1 ||     1
 Abil: Hop               |       |       |     1 |     8 |    14 |     8 |    13 |     6 |    40 ||    90
Evoke: Wand              |       |       |     2 |     1 |    12 |     2 |     2 |       |     5 ||    24
       Figurine of a zig |       |       |       |       |       |       |       |       |     1 ||     1
  Use: Scroll            |       |    10 |     5 |    10 |    17 |     4 |    23 |     7 |    87 ||   163
       Potion            |       |     3 |     3 |     5 |     1 |     3 |    13 |       |    73 ||   101
 Stab: Invisible         |       |       |     5 |       |       |       |       |       |    14 ||    19
       Paralysed         |       |       |       |     1 |       |       |       |       |       ||     1
       Petrified         |       |       |       |       |    18 |       |       |       |       ||    18
       Distracted        |       |       |       |       |       |       |     1 |     2 |    12 ||    15
       Confused          |       |       |       |       |       |       |       |       |     3 ||     3
  Eat: Chunk             |     2 |     8 |    15 |    29 |    48 |    22 |    21 |    25 |    45 ||   215
       Ration            |       |     1 |     3 |     1 |     2 |     8 |     4 |     1 |    22 ||    42
Armor: Leather armour    |     3 |       |       |       |       |       |       |       |       ||     3
       Scale mail        |    42 |    71 |    34 |       |       |       |       |       |       ||   147
       Skin              |       |    18 |     6 |    46 |       |       |       |       |       ||    70
       Chain mail        |       |       |   282 |   287 |       |   373 |   446 |   370 |   867 ||  2625
       Plate armour      |       |       |       |   329 |  1535 |   972 |       |       |       ||  2836
       Pearl dragon scal |       |       |       |       |       |       |       |       |   395 ||   395
Dodge: Dodged            |    80 |    52 |    67 |   142 |   367 |   761 |   807 |   663 |  1303 ||  4242
       Deflected         |       |       |       |       |       |       |    56 |    41 |   108 ||   205
Block: Large shield      |       |   151 |   490 |   851 |  2911 |  3098 |  2281 |  1574 |  3802 || 15158
       Shield            |       |       |       |       |       |       |       |       |   138 ||   138

Table legend:
 A = Spawn XP
 B = Non-spawn XP
 C = Spawn XP percentage of total XP
 D = Spawn monster count
 E = Non-spawn monster count
 F = Spawn count percentage of total count
 G = Total turns spent on level
                    A         B        C        D         E        F      G
               +---------+---------+-------+---------+---------+-------+---------
         Total |   22549 | 2811980 |   0.8 |      43 |    3826 |   1.1 | 73741
               +---------+---------+-------+---------+---------+-------+---------
           D:1 |       0 |     114 |   0.0 |       0 |      31 |   0.0 |  1662
           D:2 |       0 |      28 |   0.0 |       0 |      16 |   0.0 |   776
           D:3 |       0 |      91 |   0.0 |       0 |      13 |   0.0 |   595
           D:4 |       0 |     620 |   0.0 |       0 |      16 |   0.0 |  1240
           D:5 |       0 |     394 |   0.0 |       0 |      34 |   0.0 |   762
           D:6 |       0 |    1322 |   0.0 |       0 |      21 |   0.0 |  1676
           D:7 |       0 |     785 |   0.0 |       0 |      15 |   0.0 |   871
           D:8 |       0 |    1803 |   0.0 |       0 |      35 |   0.0 |  1774
           D:9 |       0 |    2923 |   0.0 |       0 |      30 |   0.0 |  1191
          D:10 |       0 |    4316 |   0.0 |       0 |      30 |   0.0 |  1662
          D:11 |       0 |   10864 |   0.0 |       0 |      51 |   0.0 |  2412
          D:12 |       0 |    4882 |   0.0 |       0 |      43 |   0.0 |  1250
          D:13 |       0 |   10616 |   0.0 |       0 |      40 |   0.0 |   930
          D:14 |       0 |   28799 |   0.0 |       0 |      78 |   0.0 |  1541
          D:15 |       0 |   22147 |   0.0 |       0 |      62 |   0.0 |  1156
        Lair:1 |       0 |    3585 |   0.0 |       0 |      14 |   0.0 |   899
        Lair:2 |       0 |    9867 |   0.0 |       0 |      30 |   0.0 |  1483
        Lair:3 |       0 |    9101 |   0.0 |       0 |      58 |   0.0 |  1360
        Lair:4 |       0 |    4255 |   0.0 |       0 |      19 |   0.0 |   813
        Lair:5 |       0 |    4714 |   0.0 |       0 |      14 |   0.0 |  1796
        Lair:6 |       0 |   17174 |   0.0 |       0 |      44 |   0.0 |  2291
       Swamp:1 |       0 |   16584 |   0.0 |       0 |      42 |   0.0 |   955
       Swamp:2 |       0 |   13401 |   0.0 |       0 |      22 |   0.0 |  1121
       Swamp:3 |       0 |   19631 |   0.0 |       0 |      48 |   0.0 |  1242
       Swamp:4 |       0 |   20989 |   0.0 |       0 |      39 |   0.0 |  1172
       Snake:1 |       0 |   12701 |   0.0 |       0 |      27 |   0.0 |   911
       Snake:2 |       0 |   25048 |   0.0 |       0 |      40 |   0.0 |  1557
       Snake:3 |       0 |   24568 |   0.0 |       0 |      47 |   0.0 |  1238
       Snake:4 |       0 |   60668 |   0.0 |       0 |     113 |   0.0 |  2126
       Slime:1 |       0 |   14585 |   0.0 |       0 |      17 |   0.0 |   176
       Slime:2 |       0 |    2951 |   0.0 |       0 |       2 |   0.0 |   139
       Slime:3 |       0 |     565 |   0.0 |       0 |       3 |   0.0 |    50
       Slime:4 |       0 |    9612 |   0.0 |       0 |      18 |   0.0 |   596
       Slime:5 |       0 |   44299 |   0.0 |       0 |      31 |   0.0 |   969
         Orc:1 |       0 |    8690 |   0.0 |       0 |      49 |   0.0 |  1402
         Orc:2 |       0 |   11992 |   0.0 |       0 |     112 |   0.0 |  1479
         Elf:1 |       0 |   21823 |   0.0 |       0 |      43 |   0.0 |  1169
         Elf:2 |       0 |   39215 |   0.0 |       0 |      54 |   0.0 |  1341
         Elf:3 |       0 |   59659 |   0.0 |       0 |      55 |   0.0 |  1339
      Vaults:1 |       0 |   51938 |   0.0 |       0 |      95 |   0.0 |  3971
      Vaults:2 |       0 |   87609 |   0.0 |       0 |     101 |   0.0 |  2471
      Vaults:3 |       0 |   66268 |   0.0 |       0 |      88 |   0.0 |  1784
      Vaults:4 |       0 |   79510 |   0.0 |       0 |     125 |   0.0 |  2037
      Vaults:5 |       0 |   25891 |   0.0 |       0 |      27 |   0.0 |     5
      Depths:1 |       0 |   51215 |   0.0 |       0 |      83 |   0.0 |  1178
      Depths:2 |       0 |   89523 |   0.0 |       0 |      58 |   0.0 |  1694
      Depths:3 |       0 |  104868 |   0.0 |       0 |      81 |   0.0 |  1976
      Depths:4 |       0 |   57155 |   0.0 |       0 |      61 |   0.0 |  1499
      Depths:5 |       0 |   45619 |   0.0 |       0 |      42 |   0.0 |  1480
       Abyss:4 |    2124 |       0 | 100.0 |       8 |       0 | 100.0 |    76
       Abyss:5 |   20425 |    7884 |  72.2 |      35 |      12 |  74.5 |   377
         Zig:1 |       0 |    3174 |   0.0 |       0 |       6 |   0.0 |    51
         Zig:2 |       0 |    3326 |   0.0 |       0 |       7 |   0.0 |    50
         Zig:3 |       0 |    9457 |   0.0 |       0 |      12 |   0.0 |   101
         Zig:4 |       0 |   10294 |   0.0 |       0 |      18 |   0.0 |   206
         Zig:5 |       0 |   19097 |   0.0 |       0 |      25 |   0.0 |   125
         Zig:6 |       0 |   17403 |   0.0 |       0 |      30 |   0.0 |   256
         Zig:7 |       0 |   34814 |   0.0 |       0 |      23 |   0.0 |   209
         Zig:8 |       0 |   32523 |   0.0 |       0 |      29 |   0.0 |   101
         Zig:9 |       0 |    9899 |   0.0 |       0 |      14 |   0.0 |    68
        Zig:10 |       0 |   40967 |   0.0 |       0 |      47 |   0.0 |   258
        Zig:11 |       0 |   65022 |   0.0 |       0 |      54 |   0.0 |   440
        Zig:12 |       0 |   42586 |   0.0 |       0 |      60 |   0.0 |   212
        Zig:13 |       0 |   91831 |   0.0 |       0 |      50 |   0.0 |   364
        Zig:14 |       0 |   76365 |   0.0 |       0 |      78 |   0.0 |   216
        Zig:15 |       0 |   60530 |   0.0 |       0 |      86 |   0.0 |   267
        Zig:16 |       0 |  103754 |   0.0 |       0 |      87 |   0.0 |   307
        Zig:17 |       0 |   85152 |   0.0 |       0 |      81 |   0.0 |   318
        Zig:18 |       0 |  130494 |   0.0 |       0 |     137 |   0.0 |   636
        Zig:19 |       0 |  104123 |   0.0 |       0 |     118 |   0.0 |   254
        Zig:20 |       0 |   79602 |   0.0 |       0 |      86 |   0.0 |   205
        Zig:21 |       0 |  120036 |   0.0 |       0 |      92 |   0.0 |   321
        Zig:22 |       0 |   53753 |   0.0 |       0 |      61 |   0.0 |   145
        Zig:23 |       0 |   76543 |   0.0 |       0 |      49 |   0.0 |   177
        Zig:24 |       0 |   51444 |   0.0 |       0 |      81 |   0.0 |   264
        Zig:25 |       0 |   79834 |   0.0 |       0 |      69 |   0.0 |   170
        Zig:26 |       0 |   56727 |   0.0 |       0 |      45 |   0.0 |    29
        Zig:27 |       0 |  138013 |   0.0 |       0 |      72 |   0.0 |   173
           Lab |       0 |    1897 |   0.0 |       0 |       8 |   0.0 |   478
         Sewer |       0 |     334 |   0.0 |       0 |      52 |   0.0 |   391
       Ossuary |       0 |     125 |   0.0 |       0 |      20 |   0.0 |   766
               +---------+---------+-------+---------+---------+-------+---------
